 Dungeon Crawl Stone Soup version 0.17-a0-1651-gae1a69f (webtiles) character file.

77 LilCorpsy the Chopper (level 4, 0/39 HPs)
             Began as a Minotaur Fighter on Aug 14, 2015.
             Succumbed to Ijyb's poison
             ... on level 2 of the Dungeon.
             The game lasted 00:02:42 (1606 turns).

LilCorpsy the Chopper (Minotaur Fighter)            Turns: 1606, Time: 00:02:42

Health: 0/39       AC:  6    Str: 20 (22) XL:     4   Next: 13%
Magic:  3/3        EV:  7    Int:  5      God:
Gold:   170        SH:  9    Dex:  9      Spells: 0 memorised, 3 levels left

rFire  . . .     SeeInvis .     a - +0 war axe
rCold  . . .     Clarity  .     b - +0 scale mail
rNeg   . . .     SustAt   .     c - +0 shield
rPois  .         Gourm    .     (helmet restricted)
rElec  .         Spirit   .     (no cloak)
rCorr  .         Warding  .     (no gloves)
rMut   .         Stasis   .     (no boots)
MR     .....                    (no amulet)
Stlth  ..........               (no ring)
                                (no ring)

@: lethally poisoned (0 -> -4), very slightly contaminated, hasted, very quick,
not resistant to hostile enchantments, extremely unstealthy
A: retaliatory headbutt, horns 2
a: no special abilities


You were on level 2 of the Dungeon.
You were not hungry.

You visited 1 branch of the dungeon, and saw 2 of its levels.

You collected 170 gold pieces.

Inventory:

Hand weapons
 a - a +0 war axe (weapon)
Armour
 b - a +0 scale mail (worn)
 c - a +0 shield (worn)
Scrolls
 g - 2 scrolls of remove curse
 i - a scroll of blinking {unknown}
 k - a scroll of immolation {unknown}
 l - a scroll of identify {unknown}
 n - a scroll of amnesia {unknown}
 o - 2 scrolls of teleportation {unknown}
 p - 2 scrolls of random uselessness {unknown}
 q - a scroll of enchant armour {unknown}
Potions
 d - a potion of might
 h - 2 potions of magic
Comestibles
 j - 2 meat rations
 r - 3 fruits


   Skills:
 - Level 3.6 Fighting
 * Level 5.3 Axes
 - Level 3.6 Armour
 - Level 3.6 Shields


You had 3 spell levels left.
You didn't know any spells.

Dungeon Overview and Level Annotations

Branches:
Dungeon (2/15)

Altars:


Innate Abilities, Weirdness & Mutations

You reflexively headbutt those who attack you in melee.
You have a pair of horns on your head.


Message History

There is a lethal amount of poison in your body!
There is a lethal amount of poison in your body!
There is a lethal amount of poison in your body!
There is a lethal amount of poison in your body!
There is a lethal amount of poison in your body!
There is a lethal amount of poison in your body!
There is a lethal amount of poison in your body!
There is a lethal amount of poison in your body!
There is a lethal amount of poison in your body!
There is a lethal amount of poison in your body!
There is a lethal amount of poison in your body!
There is a lethal amount of poison in your body!
There is a lethal amount of poison in your body!
There is a lethal amount of poison in your body!
There is a lethal amount of poison in your body!
* * * LOW HITPOINT WARNING * * *
You feel sick.
* * * LOW HITPOINT WARNING * * *
You feel sick.
You die...

##.###.###### ####.###.... ##.#
#....# #.# ##.#. ...###....#
#.####... #.###.....# #........
...#......# ########.
..........## #. #..........#
####### #.
##.........######.....# #.
.#..............@.....#********#.
.#........######.........).,,,*#(
.#........# #......#####**,*#<
.#........# #......# *,*..
.#.......## #......# *,,,,
#........### *####.###* *,*,,
##.........# *,,,...,,* *,**,
.#......#..# *,**#.##,* *,,,,
.....#.###.## *,* *,,*,* ****,


There were no monsters in sight!

Vanquished Creatures
  Ijyb (D:2)
  3 adders (D:2)
  7 bats
  A giant cockroach (D:1)
  3 goblins (D:1)
  A hobgoblin (D:2)
  A ball python (D:1)
  A giant newt (D:2)
  5 kobolds
  2 rats (D:1)
25 creatures vanquished.

Notes
Turn   | Place    | Note
--------------------------------------------------------------
     0 | D:1      | LilCorpsy the Minotaur Fighter began the quest for the Orb.
     0 | D:1      | Reached XP level 1. HP: 19/19 MP: 0/0
   676 | D:1      | Reached XP level 2. HP: 26/26 MP: 1/1
  1075 | D:2      | Reached skill level 4 in Axes
  1317 | D:2      | Reached XP level 3. HP: 31/31 MP: 2/2
  1563 | D:2      | Noticed Ijyb
  1574 | D:2      | Killed Ijyb
  1574 | D:2      | Reached skill level 5 in Axes
  1574 | D:2      | Reached XP level 4. HP: 25/39 MP: 3/3
  1603 | D:2      | HP: 1/39 [poisoned by Ijyb]
  1606 | D:2      | Succumbed to Ijyb's poison

Vault maps used:
D:1:      dpeg_arrival_ternary, minmay_misc_feat_five
D:2:      minmay_parallelograms, uniq_iyjb

Action                   |  1- 3 |  4- 6 || total
-------------------------+-------+-------++-------
Melee: War axe           |    61 |       ||    61
  Use: Scroll            |     2 |       ||     2
       Potion            |       |     3 ||     3
  Eat: Bread ration      |     1 |       ||     1
